 Dungeon Crawl Stone Soup version 0.18.1-48-g4cf74bf (webtiles) character file.

47 MBI the Charmwright (level 3, -4/27 HPs)
             Began as a Vampire Skald on July 5, 2016.
             Killed by divine providence
             ... invoked by an orc priest
              (12 damage)
             ... on level 3 of the Dungeon.
             The game lasted 00:10:24 (1540 turns).

MBI the Charmwright (Vampire Skald)                 Turns: 1540, Time: 00:10:25

Health: -4/27      AC:  3    Str: 11    XL:     3   Next: 48%
Magic:  6/6        EV: 11    Int: 15    God:
Gold:   84         SH:  0    Dex: 13    Spells: 2 memorised, 2 levels left

rFire  . . .     SeeInvis +     p - +4 short sword
rCold  . . .     Gourm    .     b - +0 leather armour
rNeg   . . .     Faith    .     (no shield)
rPois  .         Spirit   .     (no helmet)
rElec  .         Dismiss  .     (no cloak)
rCorr  .         Reflect  .     (no gloves)
SustAt .         Harm     .     (no boots)
MR     .....                    (no amulet)
Stlth  +.........               (no ring)
                                (no ring)

@: regenerating quickly, not resistant to hostile enchantments, very unstealthy
A: fangs 3, see invisible, unbreathing
a: no special abilities


You were on level 3 of the Dungeon.
You were very full.

You visited 1 branch of the dungeon, and saw 3 of its levels.

You collected 84 gold pieces.

Inventory:

Hand Weapons
 a - a +1 mace
 p - a +4 short sword (weapon)
Armour
 b - a +0 leather armour (worn)
Jewellery
 j - an uncursed ring of sustain attributes {unknown}
 k - an uncursed amulet of magic regeneration {unknown}
 n - an uncursed amulet of rage {unknown}
Scrolls
 e - a scroll of remove curse {unknown}
 f - 2 scrolls of teleportation
 g - 2 scrolls of identify {unknown}
 l - a scroll of recharging {unknown}
 m - a scroll of amnesia {unknown}
 o - a scroll of enchant weapon
Potions
 d - 3 potions of blood
 h - a potion of brilliance {unknown}
 i - 3 potions of curing {unknown}
Books
 c - a book of Battle

   Spells                             Type                      Level
   a - Infusion                       Charms                       1
   b - Shroud of Golubria             Charms/Translocation         2
   c - Song of Slaying                Charms                       2
   d - Spectral Weapon                Hexes/Charms                 3
   e - Regeneration                   Charms/Necromancy            3


   Skills:
 + Level 2.2 Fighting
 - Level 1.8 Maces & Flails
 + Level 1.0 Armour
 + Level 1.7 Dodging
 + Level 2.2 Spellcasting
 + Level 3.9 Charms


You had 2 spell levels left.
You knew the following spells:

 Your Spells              Type           Power        Failure   Level  Hunger
a - Infusion              Chrm           ##..         6%          1    #......
b - Spectral Weapon       Hex/Chrm       #.......     38%         3    ###....


Dungeon Overview and Level Annotations

Branches:
Dungeon (3/15)

Altars:


Innate Abilities, Weirdness & Mutations

Your natural rate of healing is unusually fast.
You have razor-sharp teeth.
You have supernaturally acute eyesight.
You can survive without breathing.


Message History

You hit the rat.
You kill the rat!
The orc priest casts a cantrip, but nothing happens.
The orc priest mumbles some strange prayers to Beogh against you.
Beogh smites you!
Ouch! That really hurt!
You puncture the orc!
You kill the orc!
The orc priest hits you.
* * * LOW HITPOINT WARNING * * *
You hit the orc priest.
The orc priest is moderately wounded.
The orc priest calls upon Beogh to heal the orc priest.
The orc priest's wounds heal themselves!
The orc priest misses you.
You hit the orc priest.
The orc priest is moderately wounded.
The orc priest invokes the aid of Beogh against you.
Beogh smites you!
You die...

######## ## ###.....<.
#. ..#.###### #. #.#.#
#. #.#.# #. #.#.#
#.###.#########.#.#
#...ooo@..........#
...###K#########.......#
#. #####...# #. #.## #.
.# #. # #. ..


You could see 2 orc priests, an orc and a kobold.

Vanquished Creatures
  A gnoll (D:1)
  A dart slug (D:1)
  A giant gecko (D:2)
  2 orcs (D:3)
  4 bats
  2 giant cockroaches (D:1)
  4 hobgoblins
  3 kobolds
  A quokka (D:2)
  4 giant newts (D:1)
  3 goblins
  6 rats
32 creatures vanquished.

Notes
Turn   | Place    | Note
--------------------------------------------------------------
     0 | D:1      | MBI the Vampire Skald began the quest for the Orb.
     0 | D:1      | Reached XP level 1. HP: 16/16 MP: 3/3
   113 | D:1      | Reached XP level 2. HP: 17/22 MP: 5/5
   547 | D:1      | Reached skill level 1 in Armour
   619 | D:1      | Reached XP level 3. HP: 22/27 MP: 6/6
  1487 | D:2      | Learned a level 3 spell: Spectral Weapon
  1540 | D:3      | Killed from afar by an orc priest

Skill      XL: |  1  2 |
---------------+-------+-----
Fighting       | 2 |  2.2
Armour         | 1 |  1.0
Maces & Flails | |  1.8
Dodging        | |  1.7
Spellcasting   | |  2.2
Charms         | |  3.9

Action                   || total
-------------------------++-------
Melee: Mace              ||    87
       Bite              ||    12
       Short sword       ||     9
 Cast: Infusion          ||     1
  Use: Scroll            ||     2
  Eat: Corpse            ||    12
Armor: Leather armour    ||    28
Dodge: Dodged            ||    69
